groovejumper, neutral female gnomish Archeologist ------------ -------|<^^.%.....| |.0.|..|--------..| |......|..| |.-- --.--..|>.-----|.| |.....--...|..|.| |.|....|%%..@.|.| |...|....%---u|.| |.....--.%---.|.| ---...|......0|.| ---.|...--..|.| |......||....| |.....-----..| ------- ---- groovejumper the Investigator Experience level: 8 Strength: 10 Dexterity: 12 Constitution: 17 Intelligence: 13 Wisdom: 13 Charisma: 11 Health: 0(49) Energy: 33(33) AC: 7 Gold: 115 Moves: 4298 Your Inventory: Coins $ - 115 gold pieces Weapons a - a blessed rustproof +2 broad pick of searching [dwarvish mattock] (weapon in hands) E - an uncursed [+0] dagger (in quiver) N - an uncursed +3 bullwhip Armor c - an uncursed rotted +0 fedora (being worn) S - an [uncursed] +0 ring mail (being worn) Comestibles g - 3 [uncursed] tripe rations k - 2 [uncursed] food rations Scrolls e - 2 [uncursed] unlabeled scrolls [of blank paper] Z - 2 [uncursed] scrolls called earth [of earth] Wands W - an [uncursed] wand of digging [0:7] Tools b - an uncursed sack i - an [uncursed] looking glass [mirror] w - an uncursed magic whistle B - an uncursed blindfold J - an uncursed credit card Gems t - an uncursed touchstone Contents of the sack: 71 gold pieces an [uncursed] oval amulet [of ESP] 3 uncursed food rations an uncursed scroll labeled KO BATE [of food detection] an uncursed scroll of confuse monster 2 uncursed scrolls of destroy armor an uncursed scroll of enchant armor a cursed scroll of enchant armor an uncursed scroll of identify an [uncursed] scroll of magic mapping an uncursed scroll of scare monster an uncursed potion of paralysis a cursed steamy potion [of hallucination] an [uncursed] zinc wand [of opening (0:4)] an uncursed stethoscope an uncursed tin opener Spells known in the end: Name Level Category Fail Memory Your skills at the end: Fighting Skills Weapon Skills pick-axe [Basic / Expert] sling [Basic / Skilled] whip [Basic / Expert] Spellcasting Skills Final Attributes: You were piously aligned. Hunger level was 551. Your alignment was 31 / 31. Monster difficulty range was 0 - 6. Level difficulty was 5. You saw invisible. You were telepathic. You had automatic searching. You had infravision. You were stealthy. You were fast. Your luck was zero. You are dead. Vanquished creatures: 3 wolves a leprechaun 3 brown puddings an owlbear a lizard 2 snakes 3 human zombies 2 soldier ants a fire ant a wood nymph a water nymph an orc shaman 2 rock piercers a shrieker a kobold mummy a black naga hatchling a gray ooze a paper golem a baby crocodile 2 giant ants 2 floating eyes 9 hill orcs a centipede a giant bat 2 Kop Sergeants a dwarf zombie 2 werejackals 2 iguanas a coyote 2 hobbits 2 hobgoblins a cave spider 3 Keystone Kops 5 garter snakes 4 geckos 9 jackals 3 foxes a sewer rat a grid bug a lichen a kobold zombie 2 newts 86 creatures vanquished. Voluntary challenges: You used a wielded weapon 100 times. You read items or engraved 24 times. You put on armor 3 times. You never genocided any monsters. You never polymorphed an object. You never changed form. You used no wishes. You wrote Elbereth's name 13 times. You never encountered a bones level. You never used any Sokoban shortcuts. Dungeon overview: The Dungeons of Doom: levels 1 to 7 Level 1 a fountain a long staircase Level 2 a general store, an altar Level 3 a sink Level 4 an altar to Camaxtli a long staircase Level 6 many fountains Level 7 an altar to Camaxtli, a fountain stairs to Sokoban Sokoban: levels 5 to 6 Level 5 <- You were here Level 6 a magic chest stairs to The Dungeons of Doom History has recorded: On T:1 you entered the Dungeons of Doom to retrieve the Amulet of Yendor! On T:151 you reached level 2 of The Dungeons of Doom. On T:378 you reached level 3 of The Dungeons of Doom. On T:450 you advanced to experience level 2. On T:679 you reached level 4 of The Dungeons of Doom. On T:720 you advanced to experience level 3. On T:829 you advanced to experience level 4. On T:1088 you advanced to experience level 5. On T:1147 you received a rustproof broad pick of searching from Camaxtli. On T:1181 you reached level 5 of The Dungeons of Doom. On T:1282 you reached level 7 of The Dungeons of Doom. On T:1348 you advanced to experience level 6. On T:1486 you reached level 6 of The Dungeons of Doom. On T:1650 you advanced to experience level 7. On T:2250 you received advice from The Oracle. On T:2727 you reached level 3 of Sokoban. On T:3235 you reached level 2 of Sokoban. On T:4043 you advanced to experience level 8. Latest messages: With great effort you move the boulder. [HP+1=34] With great effort you move the boulder. [HP+1=35] You try to move the boulder, but in vain. (5x) [2 turns] [HP+1=36] A mysterious force prevents the white unicorn from teleporting! The white unicorn butts! The white unicorn kicks! [HP-17=19] You hit the white unicorn! The white unicorn butts! The white unicorn kicks! [HP-1=18] The white unicorn butts! The white unicorn kicks! [HP-10=8] You write "Elbereth" with your fingers into the dust. The white unicorn turns to flee! [HP+1=9] The white unicorn butts! You die... Final status: Goodbye groovejumper the Archeologist... You died in Sokoban on dungeon level 5 with 5212 points, and 186 pieces of gold, after 4298 moves. You were level 8 with a maximum of 49 hit points when you died.